 Dungeon Crawl Stone Soup version 0.21.1-1-g345015fe64 (webtiles) character file.

105 Revguard the Skirmisher (level 4, -1/37 HPs)
             Began as a Demonspawn Abyssal Knight on June 14, 2018.
             Was a Follower of Lugonu.
             Slain by a leopard gecko (2 damage)
             ... on level 3 of the Dungeon.
             The game lasted 00:06:19 (2357 turns).

Revguard the Skirmisher (Demonspawn Abyssal Knight) Turns: 2357, Time: 00:06:20

Health: -1/37      AC:  3    Str: 13    XL:     4   Next: 53%
Magic:  5/5        EV: 11    Int: 14    God:    Lugonu [*.....]
Gold:   98         SH:  6    Dex: 14    Spells: 3/3 levels left

rFire    . . .     SeeInvis .   a - +1 falchion
rCold    . . .     Gourm    .   (no shield)
rNeg     . . .     Faith    .   b - +0 leather armour
rPois    .         Spirit   .   (no helmet)
rElec    .         Reflect  +   (no cloak)
rCorr    .         Harm     .   (no gloves)
MR       +....                  (no boots)
Stlth    +.........             f - +6 amulet of reflection
HPRegen  0.12/turn              d - ring of protection from magic
MPRegen  0.09/turn              (no ring)

@: lethally poisoned (-1 -> -3), very slow
A: thin skeletal structure 1
a: Depart the Abyss, Renounce Religion


You were on level 3 of the Dungeon.
You worshipped Lugonu.
Lugonu was aware of your devotion.
You were not hungry.

You visited 1 branch of the dungeon, and saw 3 of its levels.
You visited the Abyss 1 time.

You collected 98 gold pieces.

Inventory:

Hand Weapons
 a - a +1 falchion (weapon)
Armour
 b - a +0 leather armour (worn)
Jewellery
 d - a ring of protection from magic (left hand)
 f - a +6 amulet of reflection (around neck)
Scrolls
 h - a scroll of random uselessness {unknown}
 i - 6 scrolls of identify {unknown}
 j - a scroll of enchant weapon {unknown}
 k - a scroll of enchant armour {unknown}
 l - a scroll of amnesia {unknown}
 m - a scroll of blinking {unknown}
 n - a scroll of fog {unknown}
 o - a scroll of remove curse {unknown}
 q - 2 scrolls of immolation {unknown}
Comestibles
 c - 4 rations


   Skills:
 + Level 3.9 Fighting
 + Level 3.2 Long Blades
 + Level 2.3 Armour
 + Level 1.2 Dodging
 + Level 2.4 Invocations


You had 3 spell levels left.
You didn't know any spells.

Dungeon Overview and Level Annotations

Branches:
Dungeon (3/15)

Altars:
Hepliaklqana
Qazlal
Vehumet
The Shining One


Innate Abilities, Weirdness & Mutations

You have a somewhat thin skeletal structure. (Dex +2, Stealth)


Message History

The leopard gecko bites you but does no damage. x2
It was a potion of cancellation.
Your magical effects are unravelling.
You feel magically purged.
You feel less wooden.
Your +0 leather armour unmelds from your body.
You block the leopard gecko's attack. The leopard gecko barely misses you.
You riposte.
You hit the leopard gecko.
You kill the leopard gecko!
Lugonu accepts your kill. The leopard gecko barely misses you.
You riposte.
Your unstable footing causes you to fumble your attack.
Your unstable footing causes you to fumble your attack.
You hear the slow rusting of a drain.
* * * LOW HITPOINT WARNING * * *
You feel sick. The leopard gecko closely misses you.
Your unstable footing causes you to fumble your attack.
The leopard gecko barely misses you.
You barely miss the leopard gecko. The leopard gecko bites you.
You die...

## ## .###.# #.#.#
###...##
########......##
#..≈.l@.≈≈≈....##
#..≈≈≈≈≈≈.≈#.....#
#..#########.....+
# #......#
##....## #<..##
#..## #+##


You could see a leopard gecko.

Vanquished Creatures
  5 adders
  An adder zombie (D:2)
  2 worms (D:2)
  3 dart slugs
  3 leopard geckos
  2 giant cockroaches
  3 goblins
  7 hobgoblins
  A jackal (D:1)
  A ball python (D:1)
  6 bats
  A frilled lizard (D:2)
  3 kobolds
  11 rats
49 creatures vanquished.

Notes
Turn   | Place    | Note
-------+----------+-------------------------------------------
     0 | Abyss:1  | Revguard the Demonspawn Abyssal Knight began the quest for the Orb.
     0 | Abyss:1  | Reached XP level 1. HP: 18/18 MP: 2/2
   135 | Abyss:2  | Noticed a starcursed mass
   136 | D:1      | Escaped the Abyss
   401 | D:1      | Gained mutation: You have a somewhat thin skeletal structure. (Dex +2, Stealth) [demonic ancestry]
   401 | D:1      | Reached XP level 2. HP: 9/24 MP: 3/3
   744 | D:1      | Reached * piety under Lugonu
  1005 | D:2      | Reached XP level 3. HP: 16/29 MP: 4/4
  1387 | D:2      | Found a hazy altar of Hepliaklqana.
  1388 | D:2      | Found a glowing golden altar of the Shining One.
  1389 | D:2      | Found a stormy altar of Qazlal.
  1389 | D:2      | Found a radiant altar of Vehumet.
  1436 | D:2      | Reached skill level 1 in Dodging
  1589 | D:2      | Reached XP level 4. HP: 12/37 MP: 5/5
  2355 | D:3      | HP: 1/37 [poisoned by an adder]
  2357 | D:3      | Slain by a leopard gecko

Skill      XL: |  1  2  3  4 |
---------------+-------------+-----
Armour         | 2 |  2.3
Long Blades    | 2 3 |  3.2
Dodging        | 1 |  1.2
Fighting       | |  3.9
Invocations    | |  2.4

Action                   |  1- 3 |  4- 6 || total
-------------------------+-------+-------++-------
Melee: Falchion          |   105 |    58 ||   163
Invok: Depart the Abyss  |     1 |       ||     1
  Use: Potion            |       |     3 ||     3
 Stab: Sleeping          |     1 |       ||     1
  Eat: Chunk             |     1 |       ||     1
       Ration            |       |     1 ||     1
Armor: Leather armour    |    27 |     9 ||    36
       Skin              |       |    20 ||    20
Dodge: Dodged            |    43 |    35 ||    78
Block: Other             |    41 |    19 ||    60
       Rpst.: Falchion   |    12 |     9 ||    21
